 Dungeon Crawl Stone Soup version 0.30-a0-404-g0b3c3f4973 (webtiles) character file.

Game seed: 7125911450291963011

4 jt the Sneak (level 1, 0/18 HPs)
             Began as a Demonspawn Delver on Dec 7, 2022.
             Killed from afar by an orc wizard (5 damage)
             ... with a magic dart
             ... on level 6 of the Dungeon.
             The game lasted 00:00:45 (91 turns).

jt the Sneak (Demonspawn Delver)                      Turns: 91, Time: 00:00:48

Health: 0/18       AC:  3    Str: 12    XL:     1   Next: 50%
Magic:  1/1        EV: 11    Int: 11    God:
Gold:   0          SH:  0    Dex: 14    Spells: 0/0 levels left

rFire   . . .      SeeInvis .    a - +0 hand axe
rCold   . . .      Faith    .    (no shield)
rNeg    . . .      Spirit   .    b - +0 leather armour
rPois   .          Reflect  .    (no helmet)
rElec   .          Harm     .    (no cloak)
rCorr   .          Rampage  .    (no gloves)
Will    .....                    (no boots)
Stlth   ++........               (no amulet)
HPRegen 0.23/turn                (no ring)
MPRegen 0.07/turn                (no ring)

@: hasted, very quick
A: no striking features
a: no special abilities


You were on level 6 of the Dungeon.
You visited 1 branch of the dungeon, and saw 3 of its levels.

Inventory:

Hand Weapons
 a - a +0 hand axe (weapon)
Armour
 b - a +0 leather armour (worn)
Wands
 g - a wand of digging (3)
Scrolls
 c - a scroll of fog
 d - a scroll of magic mapping
 h - a scroll of brand weapon {unknown}


   Skills:
 - Level 3.0 Fighting
 + Level 2.1 Axes
 - Level 1.7 Dodging
 - Level 4.5 Stealth


You couldn't memorise any spells.
You didn't know any spells.
Your spell library was empty.

Dungeon Overview and Level Annotations

Branches:
Dungeon (6/15)
 Temple: D:4-7

Altars:

Annotations:
D:4 Robin


Message History

Robin throws the goblin at you!
A hobgoblin comes into view.
A goblin comes into view. It is wielding a +0 club.
You can't go up here!
Robin throws the goblin at you! The goblin hits you but does no damage.
The goblin shouts!
The goblin hits you but does no damage.
You climb downwards.
There is a stone staircase leading up here.
You hit the goblin.
You kill the goblin!
The scorpion stings you.
You are poisoned.
The scorpion poisons you!
You hit the scorpion.
The scorpion is lightly wounded.
You feel sick. The scorpion stings you.
You feel yourself speed up.
You feel sick. The scorpion closely misses you.
You feel sick.
You feel sick.
You feel sick.
You feel sick.
Okay, then.
You feel sick.
You are no longer poisoned.
As you read the scroll of fear, it crumbles to dust.
You assume a fearsome visage.
The scorpion looks frightened!
There is a stone staircase leading down here.
You climb downwards.
Found a potion of haste.
There is a stone staircase leading up here.
An orc comes into view. It is wielding a +0 flail.
The bullfrog croaks.
The orc wizard shouts!
The orc shouts!
You hear a shout! x3 5 orcs come into view.
An orc is wielding a +1 hand axe of venom.
The orc shouts! x2
An orc wizard comes into view. It is wielding a +0 dagger.
The orc wizard points at you and mumbles some strange words.
The magic dart hits you.
You die... #.ooooo....... ...o......... oo..........

.o........
.......#
#......#
+......#
#.@....#
#......#
#F.<...#
#....##+###
#.... #....
#.... #....
##...


You could see a bullfrog, 2 orc wizards and 7 orcs.

Vanquished Creatures
  2 goblins
  A hobgoblin (D:4)
3 creatures vanquished.

Notes
Turn   | Place    | Note
-------+----------+-------------------------------------------
     0 | D:5      | jt the Demonspawn Delver began the quest for the Orb.
     0 | D:5      | Reached XP level 1. HP: 18/18 MP: 1/1
    34 | D:5      | Noticed a scorpion
    56 | D:4      | Noticed Robin
    89 | D:6      | Noticed a bullfrog
    89 | D:6      | Noticed an orc wizard
    91 | D:6      | Noticed an orc wizard
    91 | D:6      | Killed from afar by an orc wizard

Illustrated notes

Levels and vault maps discovered:
D:4:      layout_gridville, mainiacjoe_overflow_catch_the_wave,
          ebering_ghost_sewer_d, kennysheep_generic_room_14, uniq_robin,
          uniq_menkaure
D:5:      layout_cave_pools, minmay_temple_entry_glassed_door
D:6:      layout_gridville, mainiacjoe_overflow_small_starburst,
          lightli_minifort, uniq_crazy_yiuf_cottage

Skill      XL: |  1 |
---------------+----+-----
Axes           | 2 |  2.1
Fighting       | |  3.0
Dodging        | |  1.7
Stealth        | |  4.5

Action                   || total
-------------------------++-------
Melee: Hand axe          ||     6
  Use: Scroll            ||     1
       Potion            ||     1
Armor: Leather armour    ||     2
Dodge: Dodged            ||     2

Table legend: (Time is in decaauts)
 A = Elapsed time spent in this place.
 B = Non-inter-level travel time spent in this place.
 C = Inter-level travel time spent in this place.
 D = Time resting spent in this place.
 E = Time spent auto-exploring this place.
 F = Levels seen in this place.
 G = Mean time per level.
                   A        B        C        D        E       F      G
               +--------+--------+--------+--------+--------+-----+--------+
         Total |     84 |     84 |      0 |      0 |      0 |   3 |   28.0 |
       Dungeon |     84 |     84 |      0 |      0 |      0 |   3 |   28.0 |
               +--------+--------+--------+--------+--------+-----+--------+

Top non-repeatable levels by time:
     D:5: 54 daAuts
     D:4: 28 daAuts
     D:6: 1 daAuts
